 Dungeon Crawl Stone Soup version 0.29.1-15-g9cfb28693d (webtiles) character file.

Game seed: 12143364710693330970

2143 H0rd4k the Martial Artist (level 9, -6/62 HPs)
             Began as an Octopode Artificer on Mar 30, 2023.
             Splashed by a jelly's acid (9 damage)
             ... on level 7 of the Dungeon.
             The game lasted 00:11:18 (8646 turns).

H0rd4k the Martial Artist (Octopode Artificer)      Turns: 8646, Time: 00:11:20

Health: -6/62      AC: -11   Str: 12    XL:     9   Next: 30%
Magic:  16/16      EV: 14    Int: 17    God:
Gold:   351        SH:  0    Dex: 18    Spells: 17/17 levels left

rFire   + . .      SeeInvis .     - Unarmed
rCold   x . .      Faith    .   (no shield)
rNeg    . . .      Spirit   .   (helmet restricted)
rPois   .          Reflect  .   (no amulet)
rElec   .          Harm     .   l - ring of fire
rCorr   .          Rampage  .   o - +6 ring of dexterity
Will    .....                   (no ring)
Stlth   +++.......              (no ring)
HPRegen 0.20/turn               (no ring)
MPRegen 0.15/turn               (no ring)
                                (no ring)
                                (no ring)

@: corroded
A: almost no armour, amphibious, 8 rings, camouflage 1, gelatinous body 1,
(nimble swimmer 1), tentacles
a: no special abilities


You were on level 7 of the Dungeon.
You visited 2 branches of the dungeon, and saw 8 of its levels.
You also visited: Sewer.

You collected 351 gold pieces.

Inventory:

Hand Weapons
 r - the +0 hand axe "Siatol" {protect, rElec rPois Int-5 Dex+3}
   (You found it on level 3 of the Dungeon)

   It grants its wielder temporary protection when it strikes (+7 to AC).
   Int:       It affects your intelligence (-5).
   Dex:       It affects your dexterity (+3).
   rElec:     It insulates you from electricity.
   rPois:     It protects you from poison.
Missiles
 A - 3 poisoned darts
Magical Staves
 y - a staff of earth
Jewellery
 l - a ring of fire (left tentacle)
 o - a +6 ring of dexterity (right tentacle)
Wands
 b - a wand of flame (8) (quivered)
 j - a wand of digging (4)
 s - a wand of polymorph (6)
Scrolls
 a - 3 scrolls of teleportation
 d - a scroll of poison {unknown}
 e - 3 scrolls of magic mapping {unknown}
 f - a scroll of noise
 g - a scroll of immolation {unknown}
 h - a scroll of amnesia {unknown}
 i - 2 scrolls of blinking {unknown}
 k - a scroll of fear {unknown}
 n - a scroll of summoning {unknown}
 q - a scroll of enchant weapon {unknown}
 t - 4 scrolls of identify {unknown}
 z - a scroll of vulnerability {unknown}
Potions
 c - 3 potions of haste {unknown}
 m - 2 potions of attraction {unknown}
 p - a potion of berserk rage {unknown}
 u - 4 potions of heal wounds {unknown}
 v - 2 potions of might
 w - 2 potions of curing
 x - a potion of invisibility {unknown}


   Skills:
 * Level 6.2 Fighting
 - Level 2.3 Dodging
 - Level 1.3 Stealth
 + Level 8.7 Unarmed Combat
 * Level 4.7 Spellcasting
 - Level 3.2 Evocations


You had 17 spell levels left.
You didn't know any spells.
Your spell library contained the following spells:

 Spells                   Type           Power      Damage    Failure   Level
 Shock                    Conj/Air       16%        1d4       14%         1
 Sublimation of Blood     Necr           4%         N/A       22%         2
 Swiftness                Air            4%         N/A       41%         3
 Airstrike                Air            2%         2d(1-17)  82%         4
 Petrify                  Tmut/Erth      4%         N/A       82%         4
 Irradiate                Conj/Tmut      2%         3d12      99%         5
 Summon Forest            Summ/Tloc      2%         N/A       99%         5
 Eringya's Noxious Bog    Tmut/Pois      2%         N/A       100%        6
 Summon Hydra             Summ           2%         N/A       100%        7


Dungeon Overview and Level Annotations

Branches:
Dungeon (7/15)             Temple (1/1) D:7           Sewer (visited)

Altars:
Ashenzari
Dithmenos
Elyvilon
Fedhas
Hepliaklqana
Kikubaaqudgha
Okawaru
Qazlal
Uskayaw
Vehumet
Wu Jian
Xom
Yredelemnul
Zin
The Shining One

Shops:
D:1 (   D:5 *   D:6 !

Annotations:
D:3 Grinder


Innate Abilities, Weirdness & Mutations

You cannot wear most types of armour.
You are amphibious.
You can wear up to eight rings at the same time.
Your skin changes colour to match your surroundings (Stealth+).
Your rubbery body absorbs attacks. (AC +1, EV +1)
((You are camouflaged when in or above water. (Stealth+)))
You have tentacles for arms and can constrict up to eight enemies at once.


Message History

The gnoll shouts!
You bludgeon the jelly!
Your tentacles burn!
The jelly is moderately wounded.
You hear a shout!
The jelly closely misses you.
You tentacle-slap the jelly.
Your tentacles burn!
You squeeze the jelly.
The jelly is severely wounded.
The jelly closely misses you.
You tentacle-slap the jelly. The acid corrodes you!
Your tentacles burn!
The jelly is severely wounded.
The jelly closely misses you.
You tentacle-slap the jelly.
Your tentacles burn!
The jelly is almost dead.
You tentacle-slap the jelly. The acid corrodes you!
Your tentacles burn!
You tentacle-slap the jelly, but do no damage.
You squeeze the jelly, but do no damage.
The jelly is almost dead.
The jelly hits you.
You are splashed with acid.
You tentacle-slap the jelly but do no damage.
The acid corrodes you!
Your tentacles burn!
* * * LOW HITPOINT WARNING * * *
You squeeze the jelly, but do no damage.
The jelly is almost dead.
The jelly completely misses you.
You tentacle-slap the jelly but do no damage.
Your tentacles burn!
* * * LOW HITPOINT WARNING * * *
You tentacle-slap the jelly, but do no damage.
The jelly is almost dead.
The jelly hits you.
* * * LOW HITPOINT WARNING * * *
You are splashed with acid!
* * * LOW HITPOINT WARNING * * *
You barely miss the jelly.
You squeeze the jelly, but do no damage.
The jelly is almost dead.
The jelly hits you.
* * * LOW HITPOINT WARNING * * *
You are splashed with acid!
You die...

##..........#
#..........#
#....#.....#
#..........# .
#.#........##..
##.###.........#
#.###..#.).......$..
.........gJ....<....
.......#.@#.........
.......#####........
....... #........
.....## ###......
...## ...#.. >..
..## . ## ..#


You could see a jelly and a gnoll.

Vanquished Creatures
  Pikel (D:4)
  An ice beast (D:5)
  An orc warrior (D:4)
  A black bear (D:5)
  2 ogres (D:5)
  A centaur (D:7)
  A kobold brigand (D:6)
  3 bullfrogs
  A howler monkey (D:5)
  6 hounds
  5 jellies
  2 orc priests
  3 orc wizards (D:5)
  5 gnolls
  3 river rats (Sewer)
  15 adders
  3 worms
  3 dart slugs
  23 orcs
  3 bats
  5 endoplasms
  3 giant cockroaches
  7 goblins
  9 hobgoblins
  3 jackals (D:4)
  4 quokkas
  14 ball pythons
  5 frilled lizards
  8 kobolds
  27 rats
168 creatures vanquished.

Vanquished Creatures (collateral kills)
  Ijyb (D:4)
  2 gnolls
3 creatures vanquished.

Vanquished Creatures (others)
  A black bear (D:4)
  A gnoll bouda (D:4)
  2 gnolls
  2 plants (D:5)
6 creatures vanquished.

Grand Total: 177 creatures vanquished

Notes
Turn   | Place    | Note
-------+----------+-------------------------------------------
     0 | D:1      | H0rd4k the Octopode Artificer began the quest for the Orb.
     0 | D:1      | Reached XP level 1. HP: 13/13 MP: 1/1
   525 | D:1      | Found Pecsaeng's Antique Weapon Shoppe.
   537 | D:1      | Reached XP level 2. HP: 13/18 MP: 2/2
   859 | D:1      | Reached skill level 1 in Spellcasting
   918 | D:1      | Found a faded altar of an unknown god.
  1303 | D:2      | Reached XP level 3. HP: 20/24 MP: 4/4
  1497 | D:2      | Reached skill level 1 in Unarmed Combat
  2542 | D:2      | You fall into a shaft and drop 2 floors!
  2561 | D:4      | Noticed an orc warrior
  2563 | D:4      | Reached XP level 4. HP: 30/30 MP: 6/6
  2725 | D:4      | Noticed a lemure
  2815 | D:4      | Reached skill level 2 in Unarmed Combat
  2887 | D:4      | Reached XP level 5. HP: 35/35 MP: 6/8
  2999 | D:4      | Noticed Pikel
  2999 | D:4      | Noticed a lemure
  3002 | D:4      | Noticed a lemure
  3056 | D:4      | Noticed Ijyb
  3057 | D:4      | Noticed a black bear
  3082 | D:4      | Found a stormy altar of Qazlal.
  3097 | D:4      | Killed Ijyb
  3098 | D:4      | Reached skill level 3 in Unarmed Combat
  3134 | D:4      | Killed Pikel
  3135 | D:4      | Reached skill level 5 in Unarmed Combat
  3135 | D:4      | Reached XP level 6. HP: 37/43 MP: 8/10
  3135 | D:4      | Reached XP level 7. HP: 42/48 MP: 8/11
  3501 | D:3      | Identified the +0 hand axe "Siatol" {protect, rElec rPois
                  | Int-5 Dex+3}
  3609 | D:3      | Noticed Grinder
  3712 | D:3      | Noticed a wyvern
  3712 | D:3      | a sky beast changed into a wyvern
  3839 | D:3      | Found a shadowy altar of Dithmenos.
  3891 | D:3      | Found a glowing drain.
  3907 | Sewer    | Entered a sewer
  4443 | Sewer    | Reached XP level 8. HP: 51/54 MP: 13/13
  4651 | Sewer    | Reached skill level 6 in Unarmed Combat
  4765 | Sewer    | HP: 2/54 [constriction (1)]
  5185 | D:3      | Found a blossoming altar of Fedhas.
  5368 | D:5      | Entered Level 5 of the Dungeon
  5398 | D:5      | Reached skill level 5 in Fighting
  5591 | D:5      | Reached skill level 7 in Unarmed Combat
  6366 | D:5      | Found a faded altar of an unknown god.
  6369 | D:5      | Found a faded altar of an unknown god.
  6404 | D:5      | Found Uffautagu's General Store.
  7102 | D:5      | Reached skill level 8 in Unarmed Combat
  7102 | D:5      | Reached XP level 9. HP: 49/62 MP: 15/15
  7237 | D:5      | Found a hazy altar of Hepliaklqana.
  7505 | D:6      | Found Darifed's Distillery.
  7767 | D:6      | Found a glowing golden altar of the Shining One.
  7777 | D:6      | Found a broken altar of Ashenzari.
  8081 | D:7      | Found a staircase to the Ecumenical Temple.
  8090 | Temple   | Entered the Ecumenical Temple
  8646 | D:7      | HP: 3/62 [jelly (1)]
  8646 | D:7      | Splashed by a jelly's acid

Illustrated notes

Levels and vault maps discovered:
D:1:      lightli_arrival_farm, layout_basic, serial_shops, nicolae_square_shop,
          shapermc_ecumenical_altar_gd, minmay_misc_feat_pillars,
          solitary_fountain
D:2:      layout_basic, serial_curves, eino_curves_01, eino_curves_03,
          fountainhead
D:3:      layout_loops_ring, mainiacjoe_overflow_large_starburst,
          portal_sewer_entry_e, minmay_misc_feat_alley, uniq_grinder
D:4:      layout_basic, mainiacjoe_overflow_chevrons, uniq_pikel, uniq_ijyb
D:5:      wander_river, layout_basic, nicolae_hepliaklqana_ecumenical_no_more,
          serial_shops, nicolae_shop_crystal
D:6:      layout_cave_pools, ashenzari_altar_1,
          mainiacjoe_overflow_tiny_flanked, serial_shops, kennysheep_mini_moat
D:7:      layout_cave_pools, gammafunk_temple_overflow_elements,
          minmay_temple_entry_drinking_statues, serial_gnoll_camp,
          gnoll_camp_mini_hut, gnoll_camp_mini_shop, grums_kennel,
          gnoll_camp_mini_basic
Temple:   jpeg_temple_island

Skill      XL: |  1  2  3  4  5  6  7  8  9 |
---------------+----------------------------+-----
Spellcasting   | 1 2 3 4 |  4.7
Fighting       | 2 4 5 6 |  6.2
Unarmed Combat | 1 2 5 8 |  8.7
Dodging        | |  2.3
Stealth        | |  1.3
Evocations     | |  3.2

Action                   |  1- 3 |  4- 6 |  7- 9 || total
-------------------------+-------+-------+-------++-------
Melee: Unarmed           |   105 |    35 |   238 ||   378
       Constrict         |    31 |    13 |    57 ||   101
       Tentacles         |    22 |     7 |    73 ||   102
       Punch             |     3 |     3 |    17 ||    23
Evoke: Wand              |       |    15 |    27 ||    42
  Use: Potion            |       |       |     5 ||     5
       Scroll            |       |       |     3 ||     3
 Stab: Sleeping          |     8 |     2 |    12 ||    22
Armor: Skin              |     8 |     1 |    12 ||    21
Dodge: Dodged            |    57 |    19 |   150 ||   226
